 Dungeon Crawl Stone Soup version 0.31.0-32-g396128a36d (webtiles) character file.

Game seed: 17498461911032246492

35 trashops the Conjurer (level 3, -1/26 HPs)
             Began as a Draconian Conjurer on Apr 9, 2024.
             Slain by Terence
             ... wielding a +1 hand axe of freezing
              (5 damage)
             ... on level 2 of the Dungeon on Apr 10, 2024.
             The game lasted 00:04:14 (1202 turns).

trashops the Conjurer (Draconian Conjurer)          Turns: 1202, Time: 00:04:14

Health: -1/26      AC:  7    Str:  9    XL:     3   Next: 17%
Magic:  0/6        EV: 12    Int: 20    God:
Gold:   57         SH:  0    Dex:  9    Spells: 2/6 levels left

rFire   . . .        i - +0 short sword (speed)
rCold   . . .        (no shield)
rNeg    . . .        (body armour unavailable)
rPois   .            (helmet restricted)
rElec   .            (no cloak)
rCorr   .            (no gloves)
SInv    .            c - +1 pair of boots {Stlth+}
Will    .....        (no amulet)
Stlth   +++          (no ring)
HPRegen 0.24/turn    (no ring)
MPRegen 0.10/turn

%: no passive effects
@: slowed, very slow
A: AC +5, unfitting armour, cold-blooded
a: no special abilities


You were on level 2 of the Dungeon.
You visited 1 branch of the dungeon, and saw 2 of its levels.

You collected 57 gold pieces.

Inventory:

Hand Weapons
 i - a +0 short sword of speed (weapon)
Armour
 c - a +1 pair of boots of stealth (worn)
Talismans
 d - a flux talisman
Scrolls
 f - a scroll of identify {unknown}
Potions
 a - a potion of magic
 b - 2 potions of attraction {unknown}
 e - a potion of haste {unknown}
 g - a potion of mutation {unknown}
 h - a potion of degeneration {unknown}


   Skills:
 + Level 0.2 Fighting
 + Level 2.1 Dodging
 + Level 1.9 Stealth
 + Level 0.4 Unarmed Combat
 + Level 2.2 Spellcasting
 + Level 4.5 Conjurations


You had 2 spell levels left.
You knew the following spells:

 Your Spells              Type           Power      Damage    Failure   Level
a - Magic Dart            Conj           80%        1d7       2%          1
b - Searing Ray           Conj           40%        2d5       3%          2
c - Shock                 Conj/Air       44%        1d5       6%          1

Your spell library contained the following spells:

 Spells                   Type           Power      Damage    Failure   Level
 Fugue of the Fallen      Necr           2%         N/A       43%         3
 Ozocubu's Armour         Ice            2%         N/A       43%         3
 Swiftness                Air            2%         N/A       43%         3
 Fulminant Prism          Conj/Alch      5%         3d7       52%         4
 Iskenderun's Mystic Bla  Conj/Tloc      11%        2d4       52%         4
 Airstrike                Air            1%         2d(1-17)  83%         4
 Manifold Assault         Tloc           2%         N/A       83%         4


Dungeon Overview and Level Annotations

Branches:
Dungeon (2/15)

Altars:

Annotations:
D:2 Terence


Innate Abilities, Weirdness & Mutations

Your plain brown scales are hard. (AC +5)
You cannot fit into any form of body armour.
You are cold-blooded and may be slowed by cold attacks.


Message History

Terence is severely wounded.
Terence misses you.
You hit Terence.
Terence is almost dead.
Terence closely misses you.
You barely miss Terence.
Your tail-slap misses Terence.
Terence is almost dead.
Your magical contamination has completely faded away.
You hit Terence.
Terence is almost dead.
Terence hits you with a +1 hand axe of freezing.
Terence freezes you.
You barely miss Terence.
Terence is almost dead.
Terence hits you with a +1 hand axe of freezing.
You feel yourself slow down. Terence freezes you.
You hit Terence but do no damage.
You tail-slap Terence, but do no damage.
Terence is almost dead.
Terence hits you with a +1 hand axe of freezing.
Terence freezes you.
* * * LOW HITPOINT WARNING * * *
Casting: Shock (safe; 6% risk of failure)
Confirm with . or Enter, or press ? or * to list all spells.
Aiming: Magic Dart (safe; 2% risk of failure)
Press: ? - help, Shift-Dir - straight line, f/p - Terence
Aim: Terence, wielding a +1 hand axe of freezing and wearing a +0 scale mail (almost dead, 100% to hit)
The magic dart hits Terence but does no damage.
Terence is almost dead.
You feel yourself speed up.
Terence hits you with a +1 hand axe of freezing.
* * * LOW HITPOINT WARNING * * *
You feel yourself slow down. Terence freezes you.
* * * LOW HITPOINT WARNING * * *
You hit Terence but do no damage.
You tail-slap Terence, but do no damage.
Terence is almost dead.
Terence hits you with a +1 hand axe of freezing.
You die...
Terence says, "Rest in peace."

....... #... ..#####
###. # ## .##. # ....###
....... >......
......@#################
.......@................
.......#################
......( ....... .......
....... #####+#


You could see Terence.

Vanquished Creatures
  An adder (D:2)
  4 endoplasms
  A giant cockroach (D:1)
  4 goblins
  2 hobgoblins (D:1)
  A quokka (D:1)
  4 ball pythons
  A bat (D:1)
  4 kobolds (D:1)
  3 rats
25 creatures vanquished.

Notes
Turn   | Place    | Note
-------+----------+-------------------------------------------
     0 | D:1      | trashops the Draconian Conjurer began the quest for the
                  | Orb.
     0 | D:1      | Reached XP level 1. HP: 14/14 MP: 3/3
   109 | D:1      | Found a faded altar of an unknown god.
   111 | D:1      | Noticed a shining eye
   111 | D:1      | Noticed an eye of devastation
   112 | D:1      | Noticed a golden eye
   112 | D:1      | Noticed a glass eye
   244 | D:1      | Reached XP level 2. HP: 20/20 MP: 1/5
   994 | D:2      | Reached XP level 3. HP: 26/26 MP: 2/6
   997 | D:2      | Learned a level 2 spell: Searing Ray
   999 | D:2      | Learned a level 1 spell: Shock
  1184 | D:2      | Noticed Terence
  1202 | D:2      | Slain by Terence

Illustrated notes

Levels and vault maps discovered:
D:1:      minmay_arrival_stair_chambers, layout_loops_ring,
          hellmonk_ecumenical_altar_watching_god, serial_glass, glass_columns_a,
          glass_columns_c, due_unseen_surprise, feat_on_display,
          feat_on_display, hangedman_decor_points
D:2:      layout_basic, minmay_statues_item, chequers_serial_rivers_micro_b,
          minmay_snake_closets, uniq_terence

Skill      XL: |  1 |
---------------+----+-----
Dodging        | 2 |  2.1
Fighting       | |  0.2
Stealth        | |  1.9
Unarmed Combat | |  0.4
Spellcasting   | |  2.2
Conjurations   | |  4.5

Action                     || total
---------------------------++-------
  Melee: Unarmed           ||    23
         Tailslap          ||     6
         Dagger            ||     8
         Punch             ||     1
         Short sword       ||     9
   Cast: Magic Dart        ||    37
         Shock             ||     5
         Searing Ray       ||     1
 Armour: Skin              ||    22
  Dodge: Dodged            ||    22
